Map: Ever Dream LE

Players

WildCard

  • Race: Zerg Zerg
  • League: Master
  • Spawn Location: 7:00

A.I. 1 (Very Easy)

  • Race: Terran Terran
  • Spawn Location: 1:00

VOD

Have the link to the VOD?

Description

perfect version. 24 ling 8 roach 9 muta hitting at 7 minute mark. goal is to maximize roach harass with burrow

Time

  • Played on: May 3, 2020, 12:08 a.m.
  • Length: 7:41
Show
View Real Time Build Order
Export as new Build Order

WildCard Zerg 

Build Orders: Hatch First 

Get SALT Encoding   

  12  0:00  Drone x12, Overlord, Lair  
  12  0:06  Drone  
  13  0:17  Overlord  
  14  0:21  Drone  
  15  0:35  Drone x2  
  16  0:52  Hatchery  
  16  0:55  Drone  
  16  0:59  Drone  
  16  1:01  Extractor  
  16  1:03  Drone  
  17  1:18  Spawning Pool  
  16  1:21  Drone  
  16  1:24  Drone  
  18  1:33  Drone  
  19  1:43  Drone  
  20  1:55  Drone  
  21  2:05  Roach Warren, Queen  
  21  2:06  Burrow, Zergling x2  
  23  2:10  Drone  
  23  2:14  Drone  
  25  2:18  Overlord  
  25  2:41  Queen  
  27  2:45  Roach x3  
  27  2:46  Roach  
  27  2:47  Extractor  
  27  2:48  Roach  
  37  2:53  Overlord  
  37  2:58  Overlord  
  37  3:12  Drone x3  
  40  3:13  Drone x2  
  40  3:15  Drone  
  40  3:19  Drone  
  44  3:22  Drone  
  44  3:24  Metabolic Boost  
  45  3:31  Drone  
  45  3:33  Drone  
  47  3:41  Drone  
  48  3:43  Extractor  
  48  3:46  Drone x4  
  51  3:50  Drone, Overlord  
  51  3:54  Drone, Evolution Chamber  
  52  4:00  Extractor x2  
  52  4:01  Drone x2  
  52  4:09  Drone x2  
  54  4:11  Lair  
  54  4:17  Drone  
  54  4:18  Drone x2  
  57  4:24  Drone  
  57  4:25  Drone x2, Zerg Missile Weapons Level 1  
  57  4:27  Overlord  
  60  4:38  Hatchery  
  60  4:44  Drone, Overlord  
  60  4:55  Drone x5  
  65  5:03  Drone  
  65  5:04  Drone  
  65  5:06  Drone  
  65  5:07  Extractor  
  67  5:09  Spire  
  67  5:10  Zergling x4  
  67  5:11  Extractor  
  67  5:13  Glial Reconstitution  
  67  5:24  Overlord x2  
  67  5:26  Roach  
  67  5:27  Roach x2  
  73  5:31  Pneumatized Carapace  
  73  5:34  Queen  
  75  5:38  Drone  
  75  5:39  Overlord  
  76  5:58  Zergling x2  
  76  5:59  Zergling x10  
  76  6:00  Zergling x6  
  85  6:07  Queen  
  87  6:23  Mutalisk x9  
  105  6:28  Overlord  
  105  6:29  Drone  
  106  6:39  Overlord x2  
  106  6:57  Roach x7  
  106  6:58  Roach  
Show
View Real Time Build Order
Export as new Build Order

A.I. 1 (Very Easy) Terran 

Build Orders: Reaper Expand 

Get SALT Encoding   

  12  0:00  SCV x12  
  12  0:04  Unknown  
  12  0:05  SCV  
  13  0:17  SCV  
  14  0:51  Command Center  
  14  0:55  Supply Depot  
  14  1:18  Barracks  
  14  1:33  Supply Depot  
  14  1:40  Refinery  
  14  1:43  SCV  
  15  1:53  Refinery  
  15  1:57  SCV  
  16  2:06  Marine  
  16  2:07  Orbital Command  
  17  2:09  SCV  
  18  2:21  SCV  
  19  2:24  Reaper  
  20  2:33  SCV  
  20  2:35  SCV  
  22  2:45  SCV  
  22  2:49  SCV  
  24  2:57  SCV  
  25  3:04  SCV  
  25  3:05  Marine  
  27  3:11  SCV  
  28  3:18  SCV  
  29  3:21  Factory  
  29  3:50  Barracks Tech Lab  
  29  4:05  Starport  
  29  4:08  Marine  
  30  4:40  Supply Depot  
  30  4:44  Starport Tech Lab  
  30  4:53  Marine  
  31  5:02  Raven  
  33  5:38  Marine  
  34  5:45  Raven  
  36  6:23  Marauder  
  39  7:08  Marauder  
  31  7:29  SCV  
Tags
 
Add a new tag
Caveats
  • Supply blocks, unpowered buildings, or Contaminate may cause inaccurate times.
  • Supply counts are checked every 10 seconds.